 Dungeon Crawl Stone Soup version 0.29-a0-2-g12fcac58f8 (webtiles) character file.

Game seed: 5913511088527753998

3797 fragbeetle the Thaumaturge (level 10, -10/74 HPs)
             Began as a Gnoll Hedge Wizard on Jan 26, 2022.
             Mangled by a hornet (14 damage)
             ... on level 8 of the Dungeon.
             The game lasted 00:35:29 (12155 turns).

fragbeetle the Thaumaturge (Gnoll Hedge Wizard)    Turns: 12155, Time: 00:35:30

Health: -10/74     AC:  8    Str: 12    XL:     10   Next: 16%
Magic:  17/22      EV: 14    Int: 16    God:
Gold:   233        SH:  0    Dex: 11    Spells: 9/26 levels left

rFire   + . .      SeeInvis .   n - +2 long sword (vorpal)
rCold   + . .      Faith    .   (no shield)
rNeg    . . .      Spirit   .   u - +0 robe {rC+}
rPois   .          Reflect  .   c - +0 hat
rElec   .          Harm     .   (no cloak)
rCorr   .          Rampage  .   f - +0 pair of gloves
Will    .....                   C - +0 pair of boots
Stlth   +++.......              L - amulet of the acrobat
HPRegen 0.22/turn               z - +4 ring of protection
MPRegen 0.18/turn               F - ring of protection from fire

@: lethally poisoned (-10 -> -19), slowed, studying Long Blades, very slow
A: fangs 1, strong nose, distributed training
a: no special abilities


You were on level 8 of the Dungeon.
You visited 2 branches of the dungeon, and saw 9 of its levels.
You also visited: Ossuary.

You collected 269 gold pieces.
You spent 36 gold pieces at shops.

Inventory:

Hand Weapons
 a - a +0 dagger
 d - a +0 spear
 g - a +2 dagger of protection
 n - a +2 vorpal long sword (weapon)
 y - a +2 war axe of flaming
 E - a +1 scimitar of holy wrath
 J - a +0 whip of electrocution
 R - a +0 shortbow
Missiles
 r - 7 boomerangs
 w - 14 poisoned darts
 A - 4 curare-tipped darts
 S - 42 arrows
Armour
 c - a +0 hat (worn)
 f - a +0 pair of gloves (worn)
 u - a +0 robe of cold resistance (worn)
 C - a +0 pair of boots (worn)
 D - a +0 chain mail of poison resistance
Magical Staves
 i - a staff of air
Jewellery
 x - a +6 ring of dexterity
 z - a +4 ring of protection (left hand)
 F - a ring of protection from fire (right hand)
 L - an amulet of the acrobat (around neck)
Wands
 h - a wand of charming (6)
 s - a wand of flame (1)
 v - a wand of polymorph (8)
Scrolls
 b - 2 scrolls of torment {unknown}
 e - a scroll of enchant weapon {unknown}
 k - 3 scrolls of fog
 p - 4 scrolls of blinking
 q - 2 scrolls of amnesia {unknown}
 t - a scroll of brand weapon {unknown}
 G - 3 scrolls of teleportation
 H - 2 scrolls of enchant armour {unknown}
 I - 2 scrolls of fear {unknown}
Potions
 j - 4 potions of lignification
 l - 2 potions of heal wounds
 o - 2 potions of haste {unknown}
 B - a potion of berserk rage {unknown}
 K - 3 potions of magic
 M - a potion of cancellation {unknown}
 N - a potion of attraction {unknown}
 O - 2 potions of mutation {unknown}
 P - a potion of brilliance {unknown}
 Q - a potion of flight {unknown}


   Skills:
 + Level 5.0 Fighting
 + Level 5.0 Short Blades
 + Level 7.1 Long Blades
 + Level 5.0 Axes
 + Level 5.0 Maces & Flails
 + Level 5.0 Polearms
 + Level 5.0 Staves
 + Level 5.0 Slings
 + Level 5.0 Bows
 + Level 5.0 Crossbows
 + Level 5.0 Throwing
 + Level 5.0 Armour
 + Level 6.9 Dodging
 + Level 6.6 Stealth
 + Level 5.0 Shields
 + Level 5.0 Unarmed Combat
 + Level 8.8 Spellcasting
 + Level 4.7 Conjurations
 + Level 4.1 Hexes
 + Level 4.7 Summonings
 + Level 4.1 Necromancy
 + Level 4.7 Translocations
 + Level 4.1 Transmutations
 + Level 4.1 Fire Magic
 + Level 4.1 Ice Magic
 + Level 4.1 Air Magic
 + Level 4.1 Earth Magic
 + Level 4.1 Poison Magic
 + Level 5.5 Invocations
 + Level 5.0 Evocations


You had 9 spell levels left.
You knew the following spells:

 Your Spells              Type           Power      Damage    Failure   Level
a - Magic Dart            Conj           88%        1d7       1%          1
b - Call Imp              Summ           22%        N/A       2%          2
c - Mephitic Cloud        Conj/Pois/Air  21%        N/A       5%          3
d - Conjure Flame         Conj/Fire      21%        6-21      4%          3
e - Blink                 Tloc           44%        N/A       2%          2
f - Dazzling Flash        Conj/Hex       42%        N/A       4%          3
g - Inner Flame           Hex/Fire       20%        N/A       5%          3

Your spell library contained the following spells:

 Spells                   Type           Power      Damage    Failure   Level
 Animate Skeleton         Necr           40%        N/A       1%          1
 Foxfire                  Conj/Fire      84%        2x1d8     1%          1
 Pain                     Necr           80%        1d8       1%          1
 Slow                     Hex            80%        N/A       1%          1
 Portal Projectile        Hex/Tloc       42%        N/A       4%          3
 Confusing Touch          Hex            20%        N/A       5%          3
 Vampiric Draining        Necr           20%        2d7       5%          3
 Cause Fear               Hex            10%        N/A       19%         4
 Agony                    Necr           20%        N/A       45%         5
 Blade Hands              Tmut           10%        N/A       45%         5
 Excruciating Wounds      Necr           10%        N/A       45%         5
 Silence                  Hex/Air        10%        N/A       45%         5
 Yara's Violent Unravell  Hex/Tmut       10%        3d6       45%         5
 Enfeeble                 Hex            10%        N/A       100%        7
 Discord                  Hex            10%        N/A       100%        8


Dungeon Overview and Level Annotations

Branches:
Dungeon (8/15)             Temple (1/1) D:5         Ossuary (visited)
   Lair: D:8-11

Altars:
Cheibriados
Dithmenos
Elyvilon
Fedhas
Gozag
Hepliaklqana
Kikubaaqudgha
Makhleb
Okawaru
Qazlal
Ru
Sif Muna
Trog
Vehumet
Wu Jian
Yredelemnul
The Shining One

Shops:
D:1 !((   D:2 (   D:5 *

Annotations:
D:2 1 runed translucent door, Crazy Yiuf
D:6 2 transporters, math4jedi's ghost, novice HOFi
D:8 Maggie


Innate Abilities, Weirdness & Mutations

You have very sharp teeth.
Your uncanny sense of smell can sniff out nearby items.
Your experience applies equally to all skills.


Message History

The hornet stings you.
You are poisoned.
You suddenly lose the ability to move!
Maggie laughs crazily.
The hornet stings you.
You feel yourself slow down.
You feel very sick. The hornet stings you.
You feel as though you will be slow longer.
You can move again.
You feel very sick. The hornet stings you!
You feel as though you will be slow longer.
Maggie asks, "Where am I?"
The hornet completely misses you.
You feel sick. Maggie barely misses you. Maggie completely misses you.
The hornet stings you but does no damage.
You feel better. The hornet stings you.
You are poisoned.
You suddenly lose the ability to move!
Maggie closely misses the hornet.
The hornet stings you.
You feel as though you will be slow longer.
You feel very sick. The hornet stings you.
You are more poisoned.
You feel as though you will be slow longer.
You feel very sick.
The hornet stings you but does no damage.
The hornet stings you!
* * * LOW HITPOINT WARNING * * *
You feel as though you will be slow longer.
You can move again.
Unknown command.
* * * LOW HITPOINT WARNING * * *
You feel very sick. The hornet misses you.
You feel better. The hornet stings you!
* * * LOW HITPOINT WARNING * * *
You are lethally poisoned!
You shrug off the repeated paralysis!
The hornet stings you!
You die...

.....# ####.....# #........##
########<........
#...........#....
#..............#
#..######.#.##.##
###..######.#.#...##
#......@y.#.#......##
#.#..####@..........#
#########.#..######........##
#....y..........yc∆.......##
#............=#######.##.##
#.....###........ ......#
#.....).......##.........#
#...Y.###.....##.####..#..#
##.c...###.#...## #..#.##


You could see Maggie (confused) and a hornet.

Vanquished Creatures
  A two-headed ogre (D:8)
  3 centaur zombies
  Sigmund (D:3)
  A wraith (Ossuary)
  A yak (D:7)
  A water moccasin (D:5)
  3 ice beasts
  A necrophage (D:4)
  4 ogres
  3 centaurs (D:8)
  A kobold brigand (D:4)
  A scorpion (D:5)
  A howler monkey (D:8)
  A bullfrog zombie (D:6)
  2 orc priests
  A centaur skeleton (D:6)
  A gnoll shaman (D:6)
  A bullfrog skeleton (D:5)
  2 iguanas (D:6)
  An orc wizard (D:6)
  3 mummies
  A howler monkey zombie (D:5)
  6 adders
  10 gnolls
  A shadow imp (D:7)
  An adder skeleton (D:4)
  2 worms (D:4)
  A dart slug (D:2)
  21 orcs
  6 ball pythons
  4 endoplasms
  3 giant cockroaches
  7 goblins
  9 hobgoblins
  3 jackals (D:2)
  10 kobolds
  2 quokkas
  3 bats
  4 frilled lizards
  4 goblin zombies (Ossuary)
  A hobgoblin zombie (Ossuary)
  4 kobold zombies
  An orc zombie (D:8)
  6 rats
144 creatures vanquished.

Vanquished Creatures (collateral kills)
  An orc warrior (D:4)
  An ogre (D:5)
  A black bear (D:7)
  A centaur (D:7)
  A necrophage (D:5)
  2 orc priests (D:5)
  An orc wizard (D:5)
  A mummy (Ossuary)
  A gnoll (D:6)
  An adder (D:2)
  An ufetubus (D:4)
  3 orcs
  A gnoll zombie (Ossuary)
  A hobgoblin (D:4)
  An orc zombie (Ossuary)
18 creatures vanquished.

Vanquished Creatures (others)
  2 fungi (D:2)
2 creatures vanquished.

Grand Total: 164 creatures vanquished

Notes
Turn   | Place    | Note
-------+----------+-------------------------------------------
     0 | D:1      | fragbeetle the Gnoll Hedge Wizard began the quest for the
                  | Orb.
     0 | D:1      | Reached XP level 1. HP: 13/13 MP: 8/8
    91 | D:1      | Found Qeosoisi's Antique Weapon Emporium.
   209 | D:1      | Reached XP level 2. HP: 19/19 MP: 6/10
   212 | D:1      | Learned a level 2 spell: Call Imp
   870 | D:1      | Found Odig's Antique Weapon Shop.
   927 | D:1      | Found Nyhuh's Distillery.
   932 | D:1      | Bought a potion of curing for 36 gold pieces
   964 | D:2      | Reached XP level 3. HP: 20/25 MP: 1/11
  1153 | D:2      | Learned a level 3 spell: Mephitic Cloud
  1195 | D:2      | Reached skill level 1 in Invocations
  1353 | D:2      | Reached skill level 1 in Fighting
  1353 | D:2      | Reached skill level 1 in Short Blades
  1353 | D:2      | Reached skill level 1 in Long Blades
  1353 | D:2      | Reached skill level 1 in Axes
  1353 | D:2      | Reached skill level 1 in Maces & Flails
  1353 | D:2      | Reached skill level 1 in Polearms
  1353 | D:2      | Reached skill level 1 in Staves
  1353 | D:2      | Reached skill level 1 in Slings
  1353 | D:2      | Reached skill level 1 in Bows
  1353 | D:2      | Reached skill level 1 in Crossbows
  1353 | D:2      | Reached skill level 1 in Throwing
  1353 | D:2      | Reached skill level 1 in Armour
  1353 | D:2      | Reached skill level 1 in Shields
  1353 | D:2      | Reached skill level 1 in Unarmed Combat
  1353 | D:2      | Reached skill level 1 in Evocations
  1509 | D:2      | Reached XP level 4. HP: 32/32 MP: 8/13
  1588 | D:2      | Found Momoa's Weapon Shoppe.
  1822 | D:2      | Found a faded altar of an unknown god.
  2001 | D:2      | Found a runed translucent door.
  2002 | D:2      | Noticed Crazy Yiuf
  2384 | D:3      | Reached skill level 1 in Hexes
  2384 | D:3      | Reached skill level 1 in Necromancy
  2384 | D:3      | Reached skill level 1 in Transmutations
  2384 | D:3      | Reached skill level 1 in Fire Magic
  2384 | D:3      | Reached skill level 1 in Ice Magic
  2384 | D:3      | Reached skill level 1 in Air Magic
  2384 | D:3      | Reached skill level 1 in Earth Magic
  2384 | D:3      | Reached skill level 1 in Poison Magic
  2583 | D:3      | Noticed Sigmund
  2596 | D:3      | Killed Sigmund
  2597 | D:3      | Reached XP level 5. HP: 38/38 MP: 9/14
  2597 | D:3      | Reached XP level 6. HP: 44/44 MP: 10/16
  3122 | D:4      | Reached skill level 5 in Dodging
  3660 | D:4      | Noticed a necrophage
  3955 | D:4      | Reached XP level 7. HP: 48/50 MP: 5/18
  4281 | D:4      | Learned a level 3 spell: Conjure Flame
  4469 | D:5      | Entered Level 5 of the Dungeon
  4507 | D:5      | Reached skill level 5 in Stealth
  4555 | D:5      | Found Veveu's Assorted Antiques.
  4569 | D:5      | HP: 1/51 [orc priest/divine providence (15)]
  4902 | D:5      | Reached XP level 8. HP: 29/57 MP: 7/19
  6227 | D:5      | Found a staircase to the Ecumenical Temple.
  6235 | D:5      | Identified the +10 chain mail "Ebez" {Regen+}
  6810 | Temple   | Entered the Ecumenical Temple
  7372 | D:5      | Reached skill level 8 in Spellcasting
  7987 | D:5      | Learned a level 2 spell: Blink
  7991 | D:5      | Learned a level 3 spell: Dazzling Flash
  8162 | D:5      | Reached skill level 5 in Long Blades
  8568 | D:6      | Found a transporter.
  8572 | D:6      | Noticed math4jedi's ghost (novice HOFi)
  8655 | D:6      | Found a transporter.
  8665 | D:6      | Reached XP level 9. HP: 53/65 MP: 18/21
  9520 | D:7      | Got the Papyrus of Black Rituals and the Arsonist
  9799 | D:7      | Found a glowing golden altar of the Shining One.
 10385 | D:8      | Noticed Maggie
 10472 | D:8      | Noticed a two-headed ogre
 10531 | D:8      | Found a sand-covered staircase.
 10536 | D:8      | Killed a two-headed ogre
 10537 | D:8      | Reached skill level 5 in Invocations
 10751 | Ossuary  | Entered an ossuary
 11159 | Ossuary  | Reached XP level 10. HP: 23/73 MP: 20/22
 11760 | D:8      | Reached skill level 5 in Fighting
 11760 | D:8      | Reached skill level 5 in Short Blades
 11760 | D:8      | Reached skill level 5 in Axes
 11760 | D:8      | Reached skill level 5 in Maces & Flails
 11760 | D:8      | Reached skill level 5 in Polearms
 11760 | D:8      | Reached skill level 5 in Staves
 11760 | D:8      | Reached skill level 5 in Slings
 11760 | D:8      | Reached skill level 5 in Bows
 11760 | D:8      | Reached skill level 5 in Crossbows
 11760 | D:8      | Reached skill level 5 in Throwing
 11760 | D:8      | Reached skill level 5 in Armour
 11760 | D:8      | Reached skill level 5 in Shields
 11760 | D:8      | Reached skill level 5 in Unarmed Combat
 11760 | D:8      | Reached skill level 5 in Evocations
 11767 | D:8      | Learned a level 3 spell: Inner Flame
 12147 | D:8      | Paralysed by a hornet for 2 turns
 12151 | D:8      | Paralysed by a hornet for 3 turns
 12155 | D:8      | Mangled by a hornet

Illustrated notes

Levels and vault maps discovered:
D:1:      scummos_arrival_simple_fountains, layout_basic, serial_shops,
          shop_statue, nicolae_shop_stone, shop
D:2:      layout_loops_ring, chequers_ecumenical_altar_grove, serial_shops,
          shop, nicolae_concentric_dashed_squares_wild,
          minmay_indecisive_spiral, uniq_crazy_yiuf_cottage
D:3:      layout_loops_ring, serial_bayou_lagoon_b, uniq_sigmund
D:4:      cheibrodos_thug_alley, layout_loops_ring
D:5:      layout_cave_pools, temple_fountains, serial_shops, nicolae_shop_trees,
          serial_park_tiny_pond, dk_noncrumbling_4, minmay_manual_macuahuitl
D:6:      layout_loops_ring, gammafunk_ghost_stat_death
D:7:      layout_gridville, mainiacjoe_overflow_surrounded_room
D:8:      layout_loops_ring, nicolae_ossuary_entry_giza, uniq_maggie
Temple:   eino_temple_rhombus

Skill      XL: |  1  2  3  4  5  6  7  8  9 10 |
---------------+-------------------------------+-----
Conjurations   | 2 3 4 |  4.7
Summonings     | 2 3 4 |  4.7
Translocations | 2 3 4 |  4.7
Invocations    | 1 2 3 4 5 |  5.5
Fighting       | 1 2 3 4 5 |  5.0
Short Blades   | 1 2 3 4 5 |  5.0
Long Blades    | 1 2 3 5 6 7 |  7.1
Axes           | 1 2 3 4 5 |  5.0
Maces & Flails | 1 2 3 4 5 |  5.0
Polearms       | 1 2 3 4 5 |  5.0
Staves         | 1 2 3 4 5 |  5.0
Slings         | 1 2 3 4 5 |  5.0
Bows           | 1 2 3 4 5 |  5.0
Crossbows      | 1 2 3 4 5 |  5.0
Throwing       | 1 2 3 4 5 |  5.0
Armour         | 1 2 3 4 5 |  5.0
Shields        | 1 2 3 4 5 |  5.0
Unarmed Combat | 1 2 3 4 5 |  5.0
Evocations     | 1 2 3 4 5 |  5.0
Hexes          | 1 2 3 4 |  4.1
Necromancy     | 1 2 3 4 |  4.1
Transmutations | 1 2 3 4 |  4.1
Fire Magic     | 1 2 3 4 |  4.1
Ice Magic      | 1 2 3 4 |  4.1
Air Magic      | 1 2 3 4 |  4.1
Earth Magic    | 1 2 3 4 |  4.1
Poison Magic   | 1 2 3 4 |  4.1
Dodging        | 5 6 |  6.9
Stealth        | 5 6 |  6.6
Spellcasting   | 8 |  8.8

Action                   |  1- 3 |  4- 6 |  7- 9 | 10-12 || total
-------------------------+-------+-------+-------+-------++-------
Melee: Dagger            |    53 |       |       |       ||    53
       Bite              |     3 |     7 |    31 |     6 ||    47
       Long sword        |    11 |    87 |   215 |    34 ||   347
       Punch             |       |     2 |     4 |     1 ||     7
 Cast: Magic Dart        |    45 |    47 |    88 |     6 ||   186
       Call Imp          |     1 |     3 |    39 |     4 ||    47
       Mephitic Cloud    |       |     7 |    32 |     9 ||    48
       Conjure Flame     |       |       |     2 |       ||     2
       Blink             |       |       |     1 |       ||     1
  Use: Scroll            |       |       |     7 |     1 ||     8
       Potion            |       |       |     2 |     2 ||     4
 Stab: Sleeping          |     1 |     4 |     5 |       ||    10
       Confused          |       |     8 |    11 |     1 ||    20
       Distracted        |       |       |     1 |       ||     1
Armor: Robe              |    26 |    14 |    68 |    16 ||   124
Dodge: Dodged            |    52 |    64 |   172 |    60 ||   348

Table legend: (Time is in decaauts)
 A = Elapsed time spent in this place.
 B = Non-inter-level travel time spent in this place.
 C = Inter-level travel time spent in this place.
 D = Time resting spent in this place.
 E = Time spent auto-exploring this place.
 F = Levels seen in this place.
 G = Mean time per level.
                   A        B        C        D        E       F      G
               +--------+--------+--------+--------+--------+-----+--------+
         Total |  12318 |  11821 |    497 |   2810 |   5869 |  10 | 1231.8 |
       Dungeon |  11415 |  10918 |    497 |   2590 |   5742 |   8 | 1426.9 |
        Temple |    196 |    196 |      0 |      0 |    127 |   1 |  196.0 |
       Ossuary |    706 |    706 |      0 |    220 |      0 |   1 |  706.0 |
               +--------+--------+--------+--------+--------+-----+--------+

Top non-repeatable levels by time:
     D:4: 3980 daAuts
     D:5: 1385 daAuts
     D:7: 1221 daAuts
     D:2: 1043 daAuts
     D:3: 1041 daAuts
     D:1: 989 daAuts
     D:6: 918 daAuts
     D:8: 834 daAuts
 Ossuary: 706 daAuts
  Temple: 196 daAuts
